 Dungeon Crawl Stone Soup version 0.19.5 (webtiles) character file.

112 Rrauwl the Chopper (level 4, -2/38 HPs)
             Began as a Hill Orc Warper on Mar 13, 2017.
             Killed from afar by an orc wizard (5 damage)
             ... with a magic dart
             ... on level 3 of the Dungeon.
             The game lasted 00:12:21 (2096 turns).

Rrauwl the Chopper (Hill Orc Warper)                Turns: 2096, Time: 00:12:22

Health: -2/38      AC:  7    Str: 11    XL:     4   Next: 93%
Magic:  4/7        EV: 11    Int: 13    God:
Gold:   83         SH:  3    Dex: 10    Spells: 1 memorised, 5 levels left

rFire  . . .     SeeInvis .     a - +0 hand axe
rCold  . . .     Gourm    .     b - +0 leather armour
rNeg   . . .     Faith    .     q - +0 buckler
rPois  .         Spirit   .     g - +0 helmet
rElec  .         Reflect  .     (no cloak)
rCorr  .         Harm     .     u - +0 pair of gloves
MR     .....                    n - +0 pair of boots
Stlth  +.........               (no amulet)
                                h - -3 ring of strength (curse)
                                o - +1 ring of protection

@: very slightly contaminated
A: no striking features
a: no special abilities


You were on level 3 of the Dungeon.
You were not hungry.

You visited 1 branch of the dungeon, and saw 3 of its levels.

You collected 83 gold pieces.

Inventory:

Hand Weapons
 a - a +0 hand axe (weapon)
 t - a +0 hunting sling of velocity
Missiles
 e - 5 tomahawks of dispersal (quivered)
 r - 9 sling bullets
Armour
 b - a +0 leather armour (worn)
 g - a +0 helmet (worn)
 n - a +0 pair of boots (worn)
 q - a +0 buckler (worn)
 u - a +0 pair of gloves (worn)
Jewellery
 h - a cursed -3 ring of strength (right hand)
 o - a +1 ring of protection (left hand)
Scrolls
 d - a scroll of blinking
 j - a scroll of recharging
Potions
 k - a potion of agility
 s - a potion of magic
Books
 c - a book of Spatial Translocations

   Spells                             Type                      Level
   a - Blink                          Translocation                2
   b - Shroud of Golubria             Charms/Translocation         2
   c - Lesser Beckoning               Translocation                3
   d - Portal Projectile              Translocation                3
   e - Teleport Other                 Translocation                3
   f - Passage of Golubria            Translocation                4
 m - a book of Cantrips

   Spells                             Type                      Level
   a - Confusing Touch                Hexes                        1
   b - Animate Skeleton               Necromancy                   1
   c - Summon Small Mammal            Summoning                    1
   d - Apportation                    Translocation                1
Comestibles
 f - a bread ration


   Skills:
 + Level 3.3 Fighting
 + Level 3.5 Axes
 - Level 1.1 Throwing
 + Level 2.2 Armour
 + Level 2.3 Dodging
 + Level 0.7 Shields
 + Level 2.0 Spellcasting
 - Level 2.4 Translocations


You had 5 spell levels left.
You knew the following spells:

 Your Spells              Type           Power        Failure   Level  Hunger
a - Blink                 Tloc           N/A          34%         2    ###....


Dungeon Overview and Level Annotations

Branches:
Dungeon (3/15)

Altars:


Message History

Casting: Blink
Confirm with . or Enter, or press ? or * to list all spells.
You miscast Blink.
You are very lightly contaminated with residual magic.
Nothing appears to happen.
The orc wizard hits you with an enchanted dagger.
* * * LOW HITPOINT WARNING * * *
You block the orc wizard's attack. Something hits you but does no damage.
Casting: Blink
Confirm with . or Enter, or press ? or * to list all spells.
You blink.
You hit the orc wizard.
You kill the orc wizard!
You feel your dexterity returning.
Something tries to affect you, but you resist.
An orc wizard appears from thin air!
Reactivating autopickup.
The orc wizard points at you and mumbles some strange words.
The magic dart hits you!
You die...

........ ........
######################.....#
#....oo.o...........##.....#
#)###########@<.[...##.....#
#.# #######.......##.....#
#.# #........##...##.....#
#.# #........##..........#
#o# #........###..#.######
#o# ###.#..#......#)# #o#
#.#......##.#.# ...
#.#....#....#.# ##.##
#....#'######.#


You could see an orc wizard and an orc.

Vanquished Creatures
  An orc wizard (D:3)
  2 adders
  A worm (D:2)
  A dart slug (D:2)
  A leopard gecko (D:1)
  3 orcs
  3 giant cockroaches (D:1)
  7 goblins
  5 hobgoblins
  10 jackals
  A kobold (D:1)
  7 bats
  3 frilled lizards
  6 rats (D:1)
51 creatures vanquished.

Notes
Turn   | Place    | Note
-------+----------+-------------------------------------------
     0 | D:1      | Rrauwl the Hill Orc Warper began the quest for the Orb.
     0 | D:1      | Reached XP level 1. HP: 18/18 MP: 3/3
    97 | D:1      | Reached skill level 1 in Throwing
   126 | D:1      | Reached XP level 2. HP: 17/25 MP: 4/4
   616 | D:1      | Reached XP level 3. HP: 30/30 MP: 5/5
  1327 | D:2      | Learned a level 2 spell: Blink
  1460 | D:2      | Reached XP level 4. HP: 37/38 MP: 7/7
  2082 | D:3      | HP: 1/38 [orc wizard/enchanted dagger (1)]
  2096 | D:3      | Killed from afar by an orc wizard

Skill      XL: |  1  2  3  4 |
---------------+-------------+-----
Throwing       | 1 |  1.1
Axes           | 3 |  3.5
Dodging        | 2 |  2.3
Fighting       | 3 |  3.3
Spellcasting   | 2 |  2.0
Armour         | 2 |  2.2
Shields        | |  0.7
Translocations | |  2.4

Action                   |  1- 3 |  4- 6 || total
-------------------------+-------+-------++-------
Melee: Hand axe          |   158 |    76 ||   234
 Cast: Blink             |       |     1 ||     1
  Use: Potion            |     7 |     3 ||    10
       Scroll            |     6 |       ||     6
  Eat: Chunk             |     1 |     2 ||     3
       Pizza             |     1 |       ||     1
Armor: Leather armour    |    55 |    31 ||    86
Dodge: Dodged            |   113 |    59 ||   172
Block: Buckler           |       |     9 ||     9
